 Dungeon Crawl Stone Soup version 0.29.1-15-g9cfb28693d (webtiles) character file.

Game seed: 13920167345357961486

1079 H0rd4k the Stinger (level 8, 0/54 HPs)
             Began as an Octopode Artificer on Mar 2, 2023.
             Slain by an orc
             ... wielding a +0 flail
              (7 damage)
             ... on level 4 of the Dungeon.
             The game lasted 00:06:41 (7172 turns).

H0rd4k the Stinger (Octopode Artificer)             Turns: 7172, Time: 00:06:42

Health: 0/54       AC:  1    Str: 11    XL:     8   Next: 29%
Magic:  15/15      EV: 13    Int: 15    God:
Gold:   214        SH:  0    Dex: 13    Spells: 12/16 levels left

rFire   + . .      SeeInvis .     - Unarmed
rCold   . . .      Faith    .   (no shield)
rNeg    . . .      Spirit   .   (helmet restricted)
rPois   .          Reflect  .   (no amulet)
rElec   .          Harm     .   j - ring of flight
rCorr   .          Rampage  .   h - ring of protection from cold
Will    .....                   v - ring of fire
Stlth   ++........              (no ring)
HPRegen 0.18/turn               (no ring)
MPRegen 0.14/turn               (no ring)
                                (no ring)
                                (no ring)

@: silenced, flying
A: almost no armour, amphibious, 8 rings, camouflage 1, gelatinous body 1,
(nimble swimmer 1), tentacles
a: no special abilities


You were on level 4 of the Dungeon.
You visited 1 branch of the dungeon, and saw 5 of its levels.

You collected 214 gold pieces.

Inventory:

Missiles
 l - 22 poisoned darts
Jewellery
 h - a ring of protection from cold (right tentacle)
 j - a ring of flight (left tentacle)
 v - a ring of fire (on tentacle)
Wands
 c - a wand of charming (9)
 t - a wand of digging (4)
Scrolls
 a - a scroll of silence
 b - a scroll of fear {unknown}
 d - a scroll of noise {unknown}
 f - 3 scrolls of teleportation {unknown}
 g - a scroll of magic mapping {unknown}
 k - 3 scrolls of identify {unknown}
 m - a scroll of blinking {unknown}
 y - a scroll of enchant weapon {unknown}
Potions
 e - a potion of might
 n - a potion of attraction {unknown}
 o - a potion of haste
 p - a potion of ambrosia {unknown}
 q - a potion of heal wounds {unknown}
 r - a potion of lignification {unknown}
 s - 2 potions of berserk rage {unknown}
 u - a potion of degeneration {unknown}
 w - a potion of invisibility
 x - a potion of curing {unknown}


   Skills:
 + Level 4.8 Fighting
 - Level 2.3 Dodging
 - Level 1.3 Stealth
 - Level 4.0 Unarmed Combat
 * Level 4.7 Spellcasting
 * Level 4.8 Poison Magic
 - Level 3.2 Evocations


You had 12 spell levels left.
You knew the following spells:

 Your Spells              Type           Power      Damage    Failure   Level
a - Olgreb's Toxic Radia  Pois           18%        N/A       22%         4

Your spell library contained the following spells:

 Spells                   Type           Power      Damage    Failure   Level
 Fulminant Prism          Conj/Hex       1%         3d6       86%         4
 Iskenderun's Mystic Bla  Conj/Tloc      3%         2d3       86%         4
 Lee's Rapid Deconstruct  Erth           1%         3d5*      99%         5
 Ozocubu's Refrigeration  Ice            1%         4d7       100%        7
 Ignition                 Fire           2%         3d3       100%        8


Dungeon Overview and Level Annotations

Branches:
Dungeon (5/15)
 Temple: D:4-7

Altars:
Ashenzari
Dithmenos
Fedhas
Xom

Annotations:
D:4 3 runed translucent doors, exclusions: 3 doors and 2 downstairs, ripuliukko's ghost, novice GrEE


Innate Abilities, Weirdness & Mutations

You cannot wear most types of armour.
You are amphibious.
You can wear up to eight rings at the same time.
Your skin changes colour to match your surroundings (Stealth+).
Your rubbery body absorbs attacks. (AC +1, EV +1)
((You are camouflaged when in or above water. (Stealth+)))
You have tentacles for arms and can constrict up to eight enemies at once.


Message History

Deactivating autopickup; reactivate with Ctrl-A.
An orc is nearby!
An orc is nearby!
An orc comes into view. It is wielding a +0 flail.
The orc hits you with a +0 hand axe.
You closely miss the orc. You grab the orc. You squeeze the orc!
You kill the orc!
The orc drinks a potion.
The orc flickers and vanishes!
Something barely misses you. Something hits you but does no damage.
Something hits you! Something hits you. Something hits you.
Something completely misses you.
As you read the scroll labelled UWKEHU TOSTOO, it crumbles to dust.
A profound silence engulfs you.
It was a scroll of silence.
Something hits you but does no damage.
Magic scrolls do not work when you're silenced!
Unknown command.
Unknown command.
Something hits you!
Magic scrolls do not work when you're silenced!
Something hits you. Something hits you. Something hits you but does no damage.
There is an escape hatch in the ceiling here.
Something completely misses you. A mysterious force pulls you upwards.
The hatch slams shut behind you.
Level annotation: 3 runed translucent doors, exclusions: 3 doors and 2 downstairs, ripuliukko's ghost, novice GrEE Reactivating autopickup.
Something hits you.
* * * LOW HITPOINT WARNING * * *
Deactivating autopickup; reactivate with Ctrl-A.
Magic scrolls do not work when you're silenced!
Something hits you!
* * * LOW HITPOINT WARNING * * *
It was a potion of flight.
You feel more buoyant. Something hits you!
You die...

#.## #.........######..#######
...# #.#.#.#.#.# #.........
.#.######.........#######.#######
..........#.#.#.#.)..............
.#(.#####.........#.#####.#######
...## #.#.#.#.#.#.# #.#######
#### #.........#.# #........
#.#.#.#.#...# #########
#.......@.#.# ########....#
######


There were no monsters in sight!

Vanquished Creatures
  Prince Ribbit (D:5)
  A necrophage (D:5)
  A bullfrog (D:4)
  A scorpion (D:5)
  4 crimson imps
  2 orc priests (D:5)
  3 gnoll boudas
  Ijyb (D:3)
  Terence (D:3)
  2 orc wizards (D:5)
  10 gnolls
  4 adders
  A white imp (D:5)
  2 ufetubi
  7 worms
  2 dart slugs (D:1)
  8 orcs
  8 ball pythons
  6 endoplasms
  3 giant cockroaches
  11 goblins
  6 hobgoblins
  4 jackals (D:3)
  3 kobolds
  2 quokkas
  6 bats
  7 rats
107 creatures vanquished.

Vanquished Creatures (collateral kills)
  A howler monkey (D:5)
  2 gnolls
  An ufetubus (D:5)
4 creatures vanquished.

Vanquished Creatures (others)
  A gnoll (D:4)
1 creature vanquished.

Grand Total: 112 creatures vanquished

Notes
Turn   | Place    | Note
-------+----------+-------------------------------------------
     0 | D:1      | H0rd4k the Octopode Artificer began the quest for the Orb.
     0 | D:1      | Reached XP level 1. HP: 13/13 MP: 1/1
   462 | D:1      | Reached XP level 2. HP: 17/18 MP: 3/3
   562 | D:1      | Reached skill level 1 in Spellcasting
  1195 | D:1      | Reached XP level 3. HP: 24/24 MP: 5/5
  1385 | D:2      | Reached skill level 1 in Unarmed Combat
  1935 | D:2      | Reached XP level 4. HP: 26/29 MP: 6/6
  2193 | D:3      | Noticed Terence
  2202 | D:3      | HP: 1/29 [Terence/+0 flail (7)]
  2203 | D:3      | Killed Terence
  2529 | D:3      | Found a shadowy altar of Dithmenos.
  2567 | D:3      | Noticed Ijyb
  2577 | D:3      | Killed Ijyb
  2578 | D:3      | Reached XP level 5. HP: 16/35 MP: 8/8
  2795 | D:3      | Found a faded altar of an unknown god.
  3875 | D:4      | Reached XP level 6. HP: 39/41 MP: 9/9
  3969 | D:4      | Found a runed translucent gate.
  3970 | D:4      | Found a runed translucent gate.
  4020 | D:4      | Found a runed translucent gate.
  4024 | D:4      | Noticed ripuliukko's ghost (novice GrEE)
  4572 | D:4      | Found a blossoming altar of Fedhas.
  4994 | D:4      | Learned a level 4 spell: Olgreb's Toxic Radiance
  5022 | D:5      | Entered Level 5 of the Dungeon
  5040 | D:5      | Reached skill level 1 in Poison Magic
  5271 | D:5      | Noticed Prince Ribbit
  5275 | D:5      | HP: 2/42 [gnoll/+0 spear[a gnoll bouda] (3)]
  5906 | D:5      | Reached XP level 7. HP: 39/46 MP: 11/11
  6021 | D:5      | Killed Prince Ribbit
  6367 | D:5      | Found a shimmering altar of Xom.
  6428 | D:5      | Found a broken altar of Ashenzari.
  6439 | D:5      | Reached XP level 8. HP: 43/54 MP: 14/14
  7172 | D:4      | Slain by an orc

Illustrated notes

Levels and vault maps discovered:
D:1:      arrival_zaba_pyramid, layout_basic, minmay_misc_feat_hallway,
          feat_on_display
D:2:      layout_basic, chequers_hall_statues_wall_a
D:3:      layout_rooms, old_standard_altar, serial_rivers,
          chequers_serial_rivers_micro_e, chequers_serial_rivers_large_b,
          chequers_serial_rivers_micro_d, chequers_serial_rivers_small_a,
          hellmonk_ecumenical_altar_crossroads, nicolae_wormholes, uniq_terence,
          uniq_ijyb
D:4:      layout_basic, lemuel_coloured_pillars_altar, serial_glass,
          glass_columns_b, glass_columns_c, glass_columns_c, glass_columns_a,
          ebering_ghost_rock_garden, minmay_misc_feat_ornament,
          nrook_mini_vaults, hangedman_decor_clover_reticule
D:5:      layout_rooms, ashenzari_conservatory_becter, led_xom_imps,
          uniq_prince_ribbit1

Skill      XL: |  1  2  3  4  5  6  7 |
---------------+----------------------+-----
Spellcasting   | 1 2 3 4 |  4.7
Unarmed Combat | 1 2 3 4 |  4.0
Fighting       | 2 3 4 |  4.8
Poison Magic   | 1 4 |  4.8
Dodging        | |  2.3
Stealth        | |  1.3
Evocations     | |  3.2

Action                   |  1- 3 |  4- 6 |  7- 9 || total
-------------------------+-------+-------+-------++-------
Melee: Unarmed           |    85 |   130 |    64 ||   279
       Constrict         |    23 |    34 |    18 ||    75
       Tentacles         |    21 |    34 |    25 ||    80
       Punch             |     2 |     3 |     5 ||    10
Evoke: Wand              |       |    11 |    15 ||    26
  Use: Potion            |       |     2 |     1 ||     3
       Scroll            |       |       |     1 ||     1
 Stab: Sleeping          |     9 |     5 |       ||    14
Armor: Skin              |    16 |     7 |     5 ||    28
Dodge: Dodged            |    50 |    66 |    34 ||   150
